 Dungeon Crawl Stone Soup version 0.26-a0-670-g578ab304f5 (webtiles) character file.

Game seed: 5501133538218141805

485 DogServant the Changer (level 7, -1/61 HPs)
             Began as a Naga Transmuter on Oct 19, 2020.
             Slain by an ogre
             ... wielding a +0 giant spiked club
              (18 damage)
             ... on level 4 of the Dungeon.
             The game lasted 00:07:05 (4198 turns).

DogServant the Changer (Naga Transmuter)            Turns: 4198, Time: 00:07:05

Health: -1/61      AC:  3    Str: 16    XL:     7   Next: 13%
Magic:  5/10       EV: 10    Int: 19    God:
Gold:   142        SH:  0    Dex: 12    Spells: 4/10 levels left

rFire    . . .     SeeInvis +   j - +2 dagger (elec)
rCold    . . .     Faith    .   (no shield)
rNeg     . . .     Spirit   .   a - +0 robe
rPois    +         Reflect  .   (helmet restricted)
rElec    .         Harm     .   (no cloak)
rCorr    .         Rampage  .   (no gloves)
MR       .....                  (no barding)
Stlth    +.........             (no amulet)
HPRegen  0.20/turn              c - +6 ring of intelligence
MPRegen  0.12/turn              (no ring)

@: very slow
A: large, horns 1, see invisible, deformed body, poison resistance, slowness 2,
spit poison 1, strong 1, AC +2
a: Spit Poison


You were on level 4 of the Dungeon.
You visited 1 branch of the dungeon, and saw 4 of its levels.

You collected 142 gold pieces.

Inventory:

Hand Weapons
 j - a +2 dagger of electrocution (weapon)
Missiles
 p - 14 poisoned darts (quivered)
Armour
 a - a +0 robe (worn)
 g - a cursed +0 pair of gloves
 h - a +2 leather armour of cold resistance
Jewellery
 c - a +6 ring of intelligence (left hand)
Scrolls
 b - 4 scrolls of identify
 k - a scroll of teleportation {unknown}
 l - 4 scrolls of remove curse
 m - 2 scrolls of amnesia
 n - a scroll of immolation {unknown}
 q - 3 scrolls of random uselessness {unknown}
 r - a scroll of fear {unknown}
Potions
 f - a potion of haste {unknown}
 i - a potion of resistance {unknown}
 o - 2 potions of curing {unknown}


   Skills:
 + Level 2.4 Fighting
 - Level 1.5 Dodging
 - Level 5.3 Unarmed Combat
 - Level 2.0 Spellcasting
 + Level 5.4 Transmutations
 - Level 1.0 Poison Magic


You had 4 spell levels left.
You knew the following spells:

 Your Spells              Type           Power        Failure   Level
a - Beastly Appendage     Tmut           ###...       1%          1
b - Wereblood             Tmut           ###.....     2%          2
c - Spider Form           Tmut/Pois      ##........   14%         3

Your spell library contained the following spells:

 Spells                   Type           Power        Failure   Level
 Ice Form                 Ice/Tmut       ##......     50%         4
 Blade Hands              Tmut           ###.......   45%         5


Dungeon Overview and Level Annotations

Branches:
Dungeon (4/15)
 Temple: D:4-7

Altars:

Annotations:
D:3 3 runed translucent doors, EnegeticOcto's ghost, amateur GrAE; EnegeticOcto's ghost, amateur HaEE; PanSaczeczos's ghost, weakling TeVM


Innate Abilities, Weirdness & Mutations

You cannot wear boots.
Your serpentine skin is tough. (AC +2)
You have supernaturally acute eyesight. (SInv)
Armour fits poorly on your strangely shaped body.
Your system is resistant to poisons. (rPois)
You cover ground very slowly.
You can spit poison.
You have a pair of small horns on your head.
Your muscles are strong. (Str +2)


Message History

Aim: an ogre, wielding a +0 giant spiked club (lightly wounded, very poisoned)
The splash of poison hits the ogre but does no damage.
The ogre is lightly wounded.
You hiss as the wereblood boils in your veins!
You have got your breath back.
Found 25 sling bullets and a sedimented coppery potion.
Found an escape hatch in the ceiling.
Your primal bloodlust has ended.
You bite the ogre!
The ogre looks even sicker.
The ogre is severely wounded.
The ogre hits you with a +0 giant spiked club!
* * * LOW HITPOINT WARNING * * *
Your transformation has ended.
Your +2 dagger of electrocution unmelds from your body.
Your +0 robe unmelds from your body.
You hear the crackle of electricity.
Found a dagger.
You feel much better.
The ogre hits you with a +0 giant spiked club!!
You die...

####.###......#.......+.##
#. ##.............#..## #.
#......#+#'#..#...#
#...)..# #....#...
#......#.####.#.#
......#...#........#
#####.#..#######.###
..#.......<#.#
####.##.@O....#
#.##.###.### ..##)# #.# #.
#.# #. #.# ## #(# #.# #!.


You could see an ogre (very poisoned).

Vanquished Creatures
  A phantom (D:4)
  An ogre (D:3)
  3 orc wizards
  2 worker ants (D:4)
  4 gnolls (D:4)
  3 adders
  2 oozes
  3 worms (D:2)
  3 dart slugs
  A leopard gecko (D:1)
  7 orcs
  2 ball pythons
  6 giant cockroaches
  7 goblins
  8 hobgoblins
  10 jackals
  8 bats
  5 frilled lizards
  8 kobolds
  3 rats
87 creatures vanquished.

Vanquished Creatures (others)
  2 withered plants (D:3)
2 creatures vanquished.

Grand Total: 89 creatures vanquished

Notes
Turn   | Place    | Note
-------+----------+-------------------------------------------
     0 | D:1      | DogServant the Naga Transmuter began the quest for the Orb.
     0 | D:1      | Reached XP level 1. HP: 18/18 MP: 3/3
   377 | D:1      | Reached XP level 2. HP: 23/25 MP: 3/5
   421 | D:1      | Learned a level 2 spell: Wereblood
  1085 | D:1      | Reached XP level 3. HP: 31/31 MP: 4/6
  1647 | D:2      | Reached XP level 4. HP: 9/38 MP: 5/7
  1652 | D:2      | Learned a level 3 spell: Spider Form
  2475 | D:3      | Reached skill level 1 in Poison Magic
  2749 | D:3      | Gained mutation: You have a pair of small horns on your
                  | head. [potion of mutation]
  2749 | D:3      | Gained mutation: Your muscles are strong. (Str +2) [potion
                  | of mutation]
  3058 | D:3      | Reached XP level 5. HP: 24/44 MP: 0/8
  3322 | D:3      | Noticed an ogre
  3332 | D:3      | Killed an ogre
  3332 | D:3      | Reached skill level 5 in Unarmed Combat
  3332 | D:3      | Reached XP level 6. HP: 51/51 MP: 6/9
  3455 | D:3      | Found a runed translucent gate.
  3455 | D:3      | Found a runed translucent gate.
  3455 | D:3      | Found a runed translucent gate.
  3455 | D:3      | Noticed EnegeticOcto's ghost (amateur HaEE)
  3455 | D:3      | Noticed EnegeticOcto's ghost (amateur GrAE)
  3455 | D:3      | Noticed PanSaczeczos's ghost (weakling TeVM)
  3845 | D:4      | Reached skill level 5 in Transmutations
  4026 | D:4      | Noticed a phantom
  4063 | D:4      | Killed a phantom
  4063 | D:4      | Reached XP level 7. HP: 41/60 MP: 4/10
  4198 | D:4      | Slain by an ogre

Illustrated notes

Levels and vault maps discovered:
D:1:      dpeg_arrival_tiny_a, layout_loops_cross, minivault_14
D:2:      layout_rooms, grunt_ministairs_8, serial_park_tiny_1
D:3:      layout_loops_ring, gammafunk_ghost_cemetery
D:4:      layout_basic, kennysheep_little_box, minmay_temple_entry_waves,
          serial_shops, shop_scrolls, shop, minmay_misc_feat_columns

Skill      XL: |  1  2  3  4  5  6 |
---------------+-------------------+-----
Transmutations | 3 4 5 |  5.4
Unarmed Combat | 4 5 |  5.3
Poison Magic   | 1 |  1.0
Fighting       | 2 |  2.4
Dodging        | |  1.5
Spellcasting   | |  2.0

Action                   |  1- 3 |  4- 6 |  7- 9 || total
-------------------------+-------+-------+-------++-------
Melee: Unarmed           |    94 |   119 |     3 ||   216
       Headbutt          |    11 |    10 |     4 ||    25
       Dagger            |       |    43 |     7 ||    50
 Cast: Beastly Appendage |    19 |    10 |       ||    29
       Wereblood         |       |     5 |     1 ||     6
       Spider Form       |       |     6 |     1 ||     7
 Abil: Spit Poison       |    17 |    15 |     1 ||    33
  Use: Scroll            |     1 |     3 |       ||     4
       Potion            |       |     4 |     1 ||     5
Armor: Robe              |    20 |    27 |     1 ||    48
       Skin              |       |     5 |       ||     5
Dodge: Dodged            |    64 |    97 |     6 ||   167

Table legend: (Time is in decaauts)
 A = Elapsed time spent in this place.
 B = Non-inter-level travel time spent in this place.
 C = Inter-level travel time spent in this place.
 D = Time resting spent in this place.
 E = Time spent auto-exploring this place.
 F = Levels seen in this place.
 G = Mean time per level.
                   A        B        C        D        E       F      G
               +--------+--------+--------+--------+--------+-----+--------+
         Total |   4811 |   4642 |    169 |    226 |   3732 |   4 | 1202.8 |
       Dungeon |   4811 |   4642 |    169 |    226 |   3732 |   4 | 1202.8 |
               +--------+--------+--------+--------+--------+-----+--------+

Top non-repeatable levels by time:
     D:1: 1703 daAuts
     D:3: 1355 daAuts
     D:2: 1134 daAuts
     D:4: 618 daAuts
